 Dungeon Crawl Stone Soup version 0.31-a0-816-gd61d57ddb1 (webtiles) character file.

Game seed: 5555135679539589026

111 Essalna the Digger (level 4, -2/31 HPs)
             Began as a Demonspawn Earth Elementalist on Sept 22, 2023.
             Slain by an orc
             ... wielding a +0 hand axe
              (4 damage)
             ... on level 4 of the Dungeon.
             The game lasted 00:02:57 (1847 turns).

Essalna the Digger (Demonspawn Earth Elementalist)  Turns: 1847, Time: 00:02:57

Health: -2/31      AC:  3    Str:  9    XL:     4   Next: 62%
Magic:  8/8        EV: 12    Int: 18    God:
Gold:   153        SH:  0    Dex: 13    Spells: 4/9 levels left

rFire   . . .        g - +2 dagger (speed)
rCold   . . .        (no shield)
rNeg    . . .        a - +0 robe
rPois   .            (no helmet)
rElec   .            (no cloak)
rCorr   .            (no gloves)
SInv    .            (no boots)
Will    .....        (no amulet)
Stlth   ++           (no ring)
HPRegen 0.25/turn    (no ring)
MPRegen 0.22/turn

%: no passive effects
@: no status effects
A: rugged brown scales 1, magic regeneration
a: no special abilities


You were on level 4 of the Dungeon.
You visited 1 branch of the dungeon, and saw 4 of its levels.

You collected 153 gold pieces.

Inventory:

Hand Weapons
 c - a +0 dagger
 g - a +2 dagger of speed (weapon)
Armour
 a - a +0 robe (worn)
Scrolls
 d - 5 scrolls of identify {unknown}
 f - a scroll of teleportation {unknown}
 h - a scroll of blinking {unknown}
 i - a scroll of fog {unknown}


   Skills:
 + Level 0.8 Fighting
 - Level 1.7 Dodging
 - Level 1.7 Stealth
 + Level 3.3 Spellcasting
 + Level 0.8 Conjurations
 - Level 0.8 Transmutations
 + Level 3.8 Earth Magic


You had 4 spell levels left.
You knew the following spells:

 Your Spells              Type           Power      Damage    Failure   Level
a - Sandblast             Erth           32%        2d9       3%          1
b - Brom's Barrelling Bo  Conj/Erth      11%        2d3       52%         4

Your spell library contained the following spells:

 Spells                   Type           Power      Damage    Failure   Level
 Passwall                 Tmut/Erth      9%         N/A       9%          2
 Stone Arrow              Conj/Erth      22%        3d8       19%         3
 Petrify                  Tmut/Erth      11%        N/A       52%         4


Dungeon Overview and Level Annotations

Branches:
Dungeon (3/15)

Altars:


Innate Abilities, Weirdness & Mutations

You are partially covered in rugged brown scales. (AC +1, +3% HP)
You regenerate magic rapidly.


Message History

You hit the orc but do no damage.
The orc is heavily wounded.
The orc hits you with a +0 hand axe. The orc misses you.
Hit: g) +2 dagger (speed)
Press: ? - help, Dir - move target, f/p - orc
Aim: an orc, wielding a +0 hand axe and wearing a +0 chain mail (heavily wounded, about 29% to evade your +2 dagger of speed)
You completely miss the orc.
The orc is heavily wounded.
Hit: g) +2 dagger (speed)
Press: ? - help, Dir - move target, f/p - orc
Aim: an orc, wielding a +0 hand axe and wearing a +0 chain mail (heavily wounded, about 29% to evade your +2 dagger of speed)
You hit the orc but do no damage.
The orc is heavily wounded.
The orc misses you. The orc barely misses you.
Casting: Sandblast (safe; 3% risk of failure)
Confirm with . or Enter, or press ? or * to list all spells.
Aiming: Sandblast (safe; 3% risk of failure)
Press: ? - help, Shift-Dir - straight line, f/p - orc
Aim: an orc, wielding a +0 hand axe and wearing a +0 chain mail (heavily wounded, 87% to hit)
The blast of sand hits the orc but does no damage.
The orc is heavily wounded.
The orc closely misses you. The orc barely misses you.
You hit the orc.
The orc is severely wounded.
The orc hits you with a +0 short sword. The orc hits you with a +0 hand axe!
* * * LOW HITPOINT WARNING * * *
You hit the orc but do no damage.
The orc is severely wounded.
The orc barely misses you. x2
You closely miss the orc.
The orc is severely wounded.
You hit the orc but do no damage.
The orc is severely wounded.
The orc hits you with a +0 hand axe.
* * * LOW HITPOINT WARNING * * *
The orc hits you with a +0 short sword.
* * * LOW HITPOINT WARNING * * *
Magic courses through your body. The orc hits you but does no damage.
The orc hits you with a +0 hand axe.
You die...

###..........#
#...$.?......###
.......o...#.#.#
........#....#
.. #...†##....
....###).###..#
..........##..#
........†..oo#
...#####...#@#
.# #....####
......##
g......#
...#..## ......
......


You could see 2 orcs.

Vanquished Creatures
  5 adders
  2 adder zombies (D:2)
  A worm (D:2)
  An orc (D:4)
  A bat skeleton (D:2)
  8 endoplasms
  2 giant cockroaches (D:1)
  3 goblins
  9 hobgoblins
  3 kobolds
  A quokka (D:2)
  4 ball pythons
  A ball python skeleton (D:2)
  A ball python zombie (D:2)
  3 bats
  2 frilled lizards
  A quokka skeleton (D:2)
  5 rats
53 creatures vanquished.

Notes
Turn   | Place    | Note
-------+----------+-------------------------------------------
     0 | D:1      | Essalna the Demonspawn Earth Elementalist began the quest
                  | for the Orb.
     0 | D:1      | Reached XP level 1. HP: 13/13 MP: 3/3
   283 | D:1      | Gained mutation: You regenerate magic rapidly. [demonic
                  | ancestry]
   283 | D:1      | Reached XP level 2. HP: 19/19 MP: 3/5
  1002 | D:2      | Reached XP level 3. HP: 24/24 MP: 1/7
  1540 | D:2      | Gained mutation: You are partially covered in rugged brown
                  | scales. (AC +1, +3% HP) [demonic ancestry]
  1540 | D:2      | Reached XP level 4. HP: 24/30 MP: 5/8
  1545 | D:2      | Learned a level 4 spell: Brom's Barrelling Boulder
  1813 | D:3      | You fall into a shaft and drop 1 floor!
  1847 | D:4      | Slain by an orc

Illustrated notes

Levels and vault maps discovered:
D:1:      minmay_arrival_checkered_box, layout_basic
D:2:      minmay_diamond_boxcup, layout_basic, serial_undead, serial_undead_e,
          serial_undead_a, serial_undead_a, serial_undead_f, serial_undead_a
D:3:      layout_rooms, nicolae_overflow_squiral, minmay_crystal_room,
          serial_bayou_lagoon_a, chequers_serial_rivers_room_b,
          grunt_decor_mini_mirrors
D:4:      layout_cave_pools, grunt_nemelex_the_gamble, serial_shops, shop,
          nicolae_shop_firing_range, uniq_duvessa

Skill      XL: |  1  2  3 |
---------------+----------+-----
Earth Magic    | 3 |  3.8
Spellcasting   | 3 |  3.3
Fighting       | |  0.8
Dodging        | |  1.7
Stealth        | |  1.7
Conjurations   | |  0.8
Transmutations | |  0.8

Action                     |  1- 3 |  4- 6 || total
---------------------------+-------+-------++-------
  Melee: Dagger            |     1 |     9 ||    10
   Cast: Sandblast         |    58 |    24 ||    82
    Use: Potion            |       |     2 ||     2
 Armour: Robe              |     3 |    15 ||    18
  Dodge: Dodged            |    11 |    19 ||    30

Table legend: (Time is in decaauts)
 A = Elapsed time spent in this place.
 B = Non-inter-level travel time spent in this place.
 C = Inter-level travel time spent in this place.
 D = Time resting spent in this place.
 E = Time spent auto-exploring this place.
 F = Levels seen in this place.
 G = Mean time per level.
                   A        B        C        D        E       F      G
               +--------+--------+--------+--------+--------+-----+--------+
         Total |   1883 |   1842 |     41 |      0 |   1586 |   4 |  470.8 |
       Dungeon |   1883 |   1842 |     41 |      0 |   1586 |   4 |  470.8 |
               +--------+--------+--------+--------+--------+-----+--------+

Top non-repeatable levels by time:
     D:2: 924 daAuts
     D:1: 907 daAuts
     D:4: 38 daAuts
     D:3: 13 daAuts
